 Dungeon Crawl Stone Soup version 0.25-b1-46-gb8a1ec05df (webtiles) character file.

Game seed: 3706988688705371572

271 grindst0ne the Gusty (level 6, -4/32 HPs)
             Began as a Tengu Air Elementalist on June 10, 2020.
             Blown up by Pikel (27 damage)
             ... with a disintegration bolt
             ... on level 4 of the Dungeon.
             The game lasted 00:08:45 (4035 turns).

grindst0ne the Gusty (Tengu Air Elementalist)       Turns: 4035, Time: 00:08:46

Health: -4/32      AC:  5    Str:  8    XL:     6   Next: 23%
Magic:  6/10       EV: 14    Int: 18    God:
Gold:   205        SH:  0    Dex: 14    Spells: 3/9 levels left

rFire    . . .     SeeInvis +   q - +2 dagger (speed)
rCold    . . .     Gourm    .   (no shield)
rNeg     . . .     Faith    .   o - +0 troll leather armour
rPois    .         Spirit   .   (helmet restricted)
rElec    .         Reflect  .   (no cloak)
rCorr    .         Harm     .   i - +0 pair of gloves
MR       .....                  (boots unavailable)
Stlth    ++........             (no amulet)
HPRegen  0.50/turn              m - ring of see invisible
MPRegen  0.12/turn              (no ring)

@: flying quickly and evasively, quick
A: beak, talons 3, able to fly
a: Stop Flying


You were on level 4 of the Dungeon.
You were not hungry.

You visited 2 branches of the dungeon, and saw 5 of its levels.

You collected 205 gold pieces.

Inventory:

Hand Weapons
 q - a +2 dagger of speed (weapon)
Missiles
 s - a silver javelin
 v - 3 poisoned darts (quivered)
 y - 5 javelins
Armour
 a - a +0 robe
 i - a +0 pair of gloves (worn)
 o - a +0 troll leather armour (worn)
Jewellery
 m - a ring of see invisible (left hand)
Wands
 w - a wand of polymorph (7)
Scrolls
 b - 3 scrolls of identify {unknown}
 e - 2 scrolls of fog {unknown}
 l - 2 scrolls of magic mapping {unknown}
 n - a scroll of blinking {unknown}
 r - a scroll of enchant armour {unknown}
 t - 3 scrolls of fear {unknown}
 u - 2 scrolls of teleportation {unknown}
 C - 2 scrolls of random uselessness {unknown}
Potions
 d - 2 potions of heal wounds {unknown}
 f - 2 potions of berserk rage {unknown}
 g - 3 potions of curing {unknown}
 h - a potion of mutation {unknown}
 j - a potion of magic {unknown}
 k - 3 potions of invisibility {unknown}
 p - 2 potions of flight {unknown}
 x - a potion of lignification {unknown}
 z - a potion of brilliance {unknown}
 B - a potion of degeneration {unknown}
Comestibles
 c - 9 rations
 A - 7 chunks of flesh


   Skills:
 - Level 2.1 Dodging
 - Level 2.0 Stealth
 - Level 2.0 Spellcasting
 + Level 5.7 Conjurations
 + Level 6.9 Air Magic


You had 3 spell levels left.
You knew the following spells:

 Your Spells              Type           Power        Failure   Level  Hunger
a - Shock                 Conj/Air       ###.         1%          1    #......
b - Swiftness             Chrm/Air       ##......     10%         2    ###....
c - Static Discharge      Conj/Air       ###.....     6%          3    ###....

Your spell library contained the following spells:

 Spells                   Type           Power        Failure   Level  Hunger
 Airstrike                Air            ####......   16%         4    #####..
 Lightning Bolt           Conj/Air       ###.......   50%         5    ######.


Dungeon Overview and Level Annotations

Branches:
Dungeon (4/15)             Temple (1/1) D:4

Altars:
Ashenzari
Dithmenos
Elyvilon
Gozag
Hepliaklqana
Kikubaaqudgha
Makhleb
Nemelex Xobeh
Okawaru
Sif Muna
Trog
Uskayaw
Wu Jian
Xom
Yredelemnul
Zin

Annotations:
D:4 Pikel


Innate Abilities, Weirdness & Mutations

You have a beak for a mouth.
You have claws for feet.
You can fly continuously.


Message History

Throwing (i - inventory. (/) - cycle)
v - 5 poisoned darts (quivered)
Press: ? - help, Shift-Dir - straight line, f/p - Pikel
Aim: Pikel, wielding a +0 whip of freezing, wearing a cursed +0 robe and carrying a wand of disintegration (9)
You throw a poisoned dart. The poisoned dart hits Pikel.
Pikel is poisoned.
Pikel zaps a wand.
You are blasted!
Throwing (i - inventory. (/) - cycle)
v - 4 poisoned darts (quivered)
Press: ? - help, Shift-Dir - straight line, f/p - Pikel
Aim: Pikel, wielding a +0 whip of freezing, wearing a cursed +0 robe and carrying a wand of disintegration (8) (lightly wounded, poisoned)
You throw a poisoned dart. The poisoned dart hits Pikel.
Pikel looks even sicker.
Pikel is lightly wounded.
Casting: Shock (safe; 1% risk of failure)
Confirm with . or Enter, or press ? or * to list all spells.
Pikel is struck by an arc of lightning!
Pikel is moderately wounded.
You are struck by an arc of lightning.
The lightning grounds out.
Pikel zaps a wand.
You are blasted!
Pikel zaps a wand.
You are blasted!
Ouch! That really hurt!
You die...

# #...#
...(. #
#.#.#
.p. #
#.#.##
#'# #
#.#..#
#p# #
#.##.#
#p#
#.##.##
#p#
...#..#
#K# ..
##.#
#.#
#.##
#@#
#..#
#.#
##.#
#.# #.#
#.#
#.####
#.#
#....#
#.#
##.#.#
#.#
###.##
#.#
#...#
#.#


You could see Pikel (poisoned) and 4 slaves.

Vanquished Creatures
  Natasha (thrice) (D:3)
  2 worker ants (D:4)
  Robin (D:2)
  4 adders
  An adder skeleton (D:4)
  2 worms
  2 dart slugs (D:1)
  3 leopard geckos
  A ball python (D:1)
  4 giant cockroaches
  14 goblins
  14 hobgoblins
  6 jackals
  7 kobolds
  A quokka (D:2)
  7 bats
  3 frilled lizards
  11 rats
86 creatures vanquished.

Notes
Turn   | Place    | Note
-------+----------+-------------------------------------------
     0 | D:1      | grindst0ne the Tengu Air Elementalist began the quest for
                  | the Orb.
     0 | D:1      | Reached XP level 1. HP: 10/10 MP: 4/4
   155 | D:1      | Reached XP level 2. HP: 14/15 MP: 3/6
   165 | D:1      | Learned a level 2 spell: Swiftness
   558 | D:1      | Reached XP level 3. HP: 19/19 MP: 3/7
  1197 | D:2      | Reached skill level 5 in Air Magic
  1314 | D:2      | Learned a level 3 spell: Static Discharge
  1373 | D:2      | Noticed Robin
  1378 | D:2      | Killed Robin
  1406 | D:2      | Reached XP level 4. HP: 24/24 MP: 1/8
  1522 | D:2      | Found a glowing silver altar of Zin.
  2554 | D:3      | Noticed Natasha
  2561 | D:3      | Killed Natasha
  2561 | D:3      | Reached skill level 6 in Air Magic
  2561 | D:3      | Gained mutation: You can fly continuously. [Tengu growth]
  2561 | D:3      | Reached XP level 5. HP: 21/28 MP: 3/9
  3179 | D:3      | Noticed Natasha
  3185 | D:3      | Killed Natasha
  3185 | D:3      | Reached skill level 5 in Conjurations
  3266 | D:3      | Found a burning altar of Makhleb.
  3360 | D:3      | Noticed Natasha
  3363 | D:3      | Killed Natasha
  3671 | D:4      | Found a staircase to the Ecumenical Temple.
  3681 | Temple   | Entered the Ecumenical Temple
  3878 | D:4      | Reached XP level 6. HP: 32/32 MP: 0/10
  4025 | D:4      | Noticed Pikel
  4025 | D:4      | Noticed a slave
  4025 | D:4      | Noticed a slave
  4025 | D:4      | Noticed a slave
  4025 | D:4      | Noticed a slave
  4035 | D:4      | Blown up by Pikel

Illustrated notes

Levels and vault maps discovered:
D:1:      dpeg_arrival_three_same_balls, layout_loops_ring, minmay_hexomino_p4
D:2:      layout_basic, zin_statuary, first_ration, uniq_robin
D:3:      layout_basic, lemuel_round_altar, uniq_natasha
D:4:      layout_basic, minmay_temple_entry_antechambers,
          gammafunk_ghost_necromancy, uniq_pikel, uniq_crazy_yiuf_cottage,
          uniq_edmund
Temple:   eino_narrow_crystal_temple

Skill      XL: |  1  2  3  4  5 |
---------------+----------------+-----
Conjurations   | 2 3 4 5 |  5.7
Air Magic      | 5 6 |  6.9
Dodging        | |  2.1
Stealth        | |  2.0
Spellcasting   | |  2.0

Action                   |  1- 3 |  4- 6 || total
-------------------------+-------+-------++-------
Melee: Unarmed           |     4 |     1 ||     5
       Peck              |     1 |     1 ||     2
       Dagger            |       |    10 ||    10
       Kick              |       |     3 ||     3
Throw: Javelin           |       |    11 ||    11
       Dart              |       |     7 ||     7
 Cast: Shock             |    57 |    97 ||   154
       Static Discharge  |     1 |     4 ||     5
       Swiftness         |       |     1 ||     1
 Abil: Fly               |       |     2 ||     2
       Stop Flying       |       |     1 ||     1
  Eat: Chunk             |     2 |     8 ||    10
       Ration            |       |     1 ||     1
Armor: Robe              |     2 |     2 ||     4
       Troll leather arm |       |     1 ||     1
Dodge: Dodged            |    13 |    34 ||    47
